 Dungeon Crawl Stone Soup version 0.28-a0-464-g0687ed57fd (webtiles) character file.

Game seed: 5877155521597985012

156 gasolineJoe the Chopper (level 5, -3/46 HPs)
             Began as a Hill Orc Fighter on Sept 14, 2021.
             Slain by Grinder (6 damage)
             ... on level 3 of the Dungeon.
             The game lasted 00:06:31 (2090 turns).

gasolineJoe the Chopper (Hill Orc Fighter)          Turns: 2090, Time: 00:06:31

Health: -3/46      AC:  8    Str: 19    XL:     5   Next: 37%
Magic:  6/6        EV:  9    Int:  9    God:
Gold:   121        SH:  4    Dex: 10    Spells: 4/4 levels left

rFire   . . .      SeeInvis .   a - +0 war axe
rCold   . . .      Faith    .   c - +0 buckler
rNeg    . . .      Spirit   .   b - +0 scale mail
rPois   .          Reflect  .   (no helmet)
rElec   .          Harm     .   (no cloak)
rCorr   .          Rampage  .   (no gloves)
Will    .....                   e - +0 pair of boots
Stlth   ..........              (no amulet)
HPRegen 0.15/turn               (no ring)
MPRegen 0.10/turn               (no ring)

@: no status effects
A: no striking features
a: no special abilities


You were on level 3 of the Dungeon.
You visited 1 branch of the dungeon, and saw 3 of its levels.

You collected 121 gold pieces.

Inventory:

Hand Weapons
 a - a +0 war axe (weapon)
Armour
 b - a +0 scale mail (worn)
 c - a +0 buckler (worn)
 e - a +0 pair of boots (worn)
Scrolls
 g - 3 scrolls of immolation {unknown}
 h - 2 scrolls of identify {unknown}
 i - 2 scrolls of vulnerability {unknown}
 k - a scroll of summoning {unknown}
 m - a scroll of enchant armour {unknown}
 n - a scroll of amnesia {unknown}
Potions
 d - a potion of might
 f - a potion of attraction {unknown}
 j - a potion of cancellation {unknown}
 l - a potion of brilliance {unknown}


   Skills:
 + Level 4.3 Fighting
 + Level 4.6 Axes
 + Level 4.0 Armour
 + Level 1.0 Dodging
 + Level 3.8 Shields
 * Level 1.9 Invocations


You had 4 spell levels left.
You didn't know any spells.
Your spell library contained the following spells:

 Spells                   Type           Power      Damage    Failure   Level
 Alistair's Intoxication  Tmut/Pois      0%         N/A       100%        5
 Borgnjor's Vile Clutch   Necr/Erth      0%         N/A       100%        5
 Eringya's Noxious Bog    Tmut/Pois      0%         N/A       100%        6


Dungeon Overview and Level Annotations

Branches:
Dungeon (3/15)

Altars:

Annotations:
D:3 Grinder


Message History

You now have 121 gold pieces (gained 13).
n - a scroll labelled GAHARAXKYU You see here 2 boomerangs.
Grinder comes into view.
Grinder shouts!
Grinder says, "Mostly I couldn't keep them alive."
You see here a +0 leather armour.
There is a stone staircase leading up here.
You see here a +0 dagger.
You start waiting.
Grinder is nearby!
There is a stone staircase leading up here.
You closely miss Grinder. Grinder hits you but does no damage.
You closely miss Grinder. Grinder hits you.
You writhe in agony.
Grinder completely misses you.
You closely miss Grinder. Grinder gestures at you.
Pain shoots through your body!
You barely miss Grinder. Grinder hits you.
You writhe in agony.
You are too injured to fight recklessly!
You are too injured to fight recklessly!
You are too injured to fight recklessly!
You are too injured to fight recklessly!
You are too injured to fight recklessly!
You are too injured to fight recklessly!
Grinder is nearby!
You hit Grinder but do no damage. Grinder hits you.
You writhe in agony.
Grinder closely misses you.
You hit Grinder.
Grinder is lightly wounded.
Grinder hits you.
* * * LOW HITPOINT WARNING * * *
You writhe in agony.
* * * LOW HITPOINT WARNING * * *
You slash Grinder!
Grinder is heavily wounded.
Grinder hits you.
* * * LOW HITPOINT WARNING * * *
You writhe in agony.
You die...

#........####
#.#..........
#.#.......#
#.#.......#
#.#.......####
#.#.......#..#
#...#.......#
#####...).#.#
#####@#.#
#5#.#
#####[#.##
#........#
####.....#
####........#
#.......(...#
.......#.....#
.....###.....#


You could see Grinder.

Vanquished Creatures
  A jelly (D:3)
  Terence (D:2)
  Natasha (twice) (D:2)
  An adder (D:3)
  5 dart slugs
  4 bats
  2 endoplasms (D:2)
  A giant cockroach (D:1)
  3 goblins (D:1)
  3 jackals (D:1)
  2 kobolds (D:2)
  2 quokkas
  3 ball pythons
  2 frilled lizards
  4 rats (D:1)
36 creatures vanquished.

Notes
Turn   | Place    | Note
-------+----------+-------------------------------------------
     0 | D:1      | gasolineJoe the Hill Orc Fighter began the quest for the
                  | Orb.
     0 | D:1      | Reached XP level 1. HP: 19/19 MP: 1/1
   165 | D:1      | Reached XP level 2. HP: 26/27 MP: 2/2
   328 | D:1      | Reached XP level 3. HP: 31/33 MP: 3/3
   612 | D:1      | Found a faded altar of an unknown god.
   862 | D:2      | Noticed Natasha
   873 | D:2      | Killed Natasha
   954 | D:2      | Noticed Natasha
  1286 | D:2      | Killed Natasha
  1287 | D:2      | Reached skill level 1 in Invocations
  1287 | D:2      | Reached XP level 4. HP: 27/40 MP: 4/4
  1627 | D:2      | Noticed Terence
  1647 | D:2      | Killed Terence
  1898 | D:3      | Reached skill level 1 in Dodging
  1898 | D:3      | Reached XP level 5. HP: 40/46 MP: 6/6
  2073 | D:3      | Noticed Grinder
  2090 | D:3      | Slain by Grinder

Illustrated notes

Levels and vault maps discovered:
D:1:      erik_arrival_blinker_ship, layout_loops_ring, basic_ecumenical_altar
D:2:      layout_loops_ring, roderic_roman_lattice, uniq_natasha, uniq_terence
D:3:      layout_rooms, mainiacjoe_overflow_24_doors, serial_curves,
          eino_curves_04, eino_curves_01, serial_shops, nicolae_shop_stone,
          uniq_grinder

Skill      XL: |  1  2  3  4  5 |
---------------+----------------+-----
Axes           | 3 4 |  4.6
Fighting       | 4 |  4.3
Invocations    | 1 |  1.9
Dodging        | 1 |  1.0
Armour         | 4 |  4.0
Shields        | |  3.8

Action                   |  1- 3 |  4- 6 || total
-------------------------+-------+-------++-------
Melee: War axe           |    81 |    47 ||   128
Armor: Scale mail        |    46 |    22 ||    68
Dodge: Dodged            |    37 |    18 ||    55
Block: Buckler           |    18 |     5 ||    23

Table legend: (Time is in decaauts)
 A = Elapsed time spent in this place.
 B = Non-inter-level travel time spent in this place.
 C = Inter-level travel time spent in this place.
 D = Time resting spent in this place.
 E = Time spent auto-exploring this place.
 F = Levels seen in this place.
 G = Mean time per level.
                   A        B        C        D        E       F      G
               +--------+--------+--------+--------+--------+-----+--------+
         Total |   2144 |   2082 |     62 |    467 |   1261 |   3 |  714.7 |
       Dungeon |   2144 |   2082 |     62 |    467 |   1261 |   3 |  714.7 |
               +--------+--------+--------+--------+--------+-----+--------+

Top non-repeatable levels by time:
     D:2: 1182 daAuts
     D:1: 746 daAuts
     D:3: 216 daAuts
